 Dungeon Crawl Stone Soup version 0.29.0-4-gdea44cf6ec (webtiles) character file.

Game seed: 16476673400329107509

49 qw the Ruffian (level 3, 0/28 HPs)
             Began as a Ghoul Fire Elementalist on Aug 29, 2022.
             Slain by Terence
             ... wielding a +0 hand axe
              (4 damage)
             ... on level 2 of the Dungeon.
             The game lasted 00:01:06 (1644 turns).

qw the Ruffian (Ghoul Fire Elementalist)            Turns: 1644, Time: 00:01:07

Health: 0/28       AC:  3    Str: 13    XL:     3   Next: 75%
Magic:  4/4        EV: 11    Int: 10    God:
Gold:   70         SH:  0    Dex:  9    Spells: 4/5 levels left

rFire   . . .      SeeInvis .     - Unarmed
rCold   + . .      Faith    .   (no shield)
rNeg    + + +      Spirit   .   e - +0 leather armour
rPois   inf        Reflect  .   (no helmet)
rElec   .          Harm     .   (no cloak)
rCorr   .          Rampage  .   (no gloves)
Will    .....                   (no boots)
Stlth   +.........              (no amulet)
HPRegen 0.00/turn               (no ring)
MPRegen 0.09/turn               (no ring)

@: inhibited regen
A: claws 1, cold resistance 1, negative energy resistance 3, inhibited
regeneration, torment resistance 2, devour on kill
a: no special abilities


You were on level 2 of the Dungeon.
You visited 1 branch of the dungeon, and saw 2 of its levels.

You collected 70 gold pieces.


Innate Abilities, Weirdness & Mutations

You are immune to poison.
You have sharp fingernails.
Your flesh is cold resistant. (rC+)
You are immune to negative energy. (rN+++)
You do not regenerate when monsters are visible.
You are immune to unholy pain and torment.
You thrive by killing the living.


   Skills:
 - Level 1.1 Fighting
 - Level 1.7 Dodging
 - Level 2.1 Stealth
 + Level 3.2 Unarmed Combat
 - Level 1.7 Spellcasting
 - Level 0.7 Conjurations
 - Level 2.4 Fire Magic


You had 4 spell levels left.
You knew the following spells:

 Your Spells              Type           Power      Damage    Failure   Level
a - Foxfire               Conj/Fire      16%        2x1d4     22%         1

Your spell library contained the following spells:

 Spells                   Type           Power      Damage    Failure   Level
 Scorch                   Fire           10%        2d5       22%         2
 Conjure Flame            Conj/Fire      4%         6-21      54%         3
 Inner Flame              Hex/Fire       3%         N/A       58%         3
 Flame Wave               Conj/Fire      4%         2d5       91%         4

Inventory:

Missiles
 b - 5 boomerangs (quivered)
Armour
 e - a +0 leather armour (worn)
Jewellery
 a - an amulet of faith
 h - a ring of wizardry
Scrolls
 g - a scroll of identify {unknown}
Potions
 c - 2 potions of degeneration {unknown}
 d - a potion of attraction {unknown}
 f - a potion of might {unknown}

Dungeon Overview and Level Annotations

Branches:
Dungeon (2/15)

Altars:

Annotations:
D:2 Terence


Message History

1631 ||| Stepping ~*~*~tactically~*~*~ (stealth).
Terence attacks as you move away! Terence hits you with a +0 hand axe.
You barely miss Terence. Terence misses you.
You scratch Terence.
Terence is lightly wounded.
Terence hits you with a +0 hand axe.
You scratch Terence.
Terence is moderately wounded.
Terence barely misses you.
You scratch Terence.
Terence is heavily wounded.
You closely miss Terence.
Terence is heavily wounded.
Terence barely misses you.
You scratch Terence but do no damage.
Terence is heavily wounded.
Terence hits you with a +0 hand axe.
You closely miss Terence.
Terence is heavily wounded.
Terence hits you with a +0 hand axe.
You barely miss Terence.
Terence is heavily wounded.
Terence closely misses you.
You scratch Terence but do no damage.
Terence is heavily wounded.
Terence barely misses you.
You claw Terence!
Terence is almost dead.
Terence hits you with a +0 hand axe.
You scratch Terence. Your claw misses Terence.
Terence is almost dead.
Terence closely misses you.
You barely miss Terence.
Terence is almost dead.
Terence misses you.
You completely miss Terence.
Terence is almost dead.
Terence hits you with a +0 hand axe.
You die...

...# #. #..## ...# #. ##.## #
...# #. #.##
##.#####...#####.## #.##
#S................###.##
.................(.....(
#................<.##.#.
#@....######.##.#. #@....#
#.#..#. #.....# #.#.##.
#.....# #.#.##. #####.....###
#......
#...............##.###
#........[.#### #.#
#.##.##.#..####. #.###
#####.##............##....
####.......)##.#.........####


You could see Terence.

Vanquished Creatures
  3 adders (D:2)
  A worm (D:2)
  3 endoplasms
  2 giant cockroaches
  A goblin (D:2)
  A hobgoblin (D:1)
  A quokka (D:1)
  2 ball pythons
  A bat (D:1)
  2 frilled lizards
  3 kobolds
  A rat (D:2)
21 creatures vanquished.

Vanquished Creatures (others)
  6 plants (D:2)
  9 withered plants (D:2)
15 creatures vanquished.

Grand Total: 36 creatures vanquished

Notes
Turn   | Place    | Note
-------+----------+-------------------------------------------
     0 | D:1      | qw the Ghoul Fire Elementalist began the quest for the Orb.
     0 | D:1      | Reached XP level 1. HP: 14/14 MP: 2/2
     0 | D:1      | 0 ||| qw: Version: 0.1-a-90-g952f4b7
     0 | D:1      | 0 ||| qw: Game counter: 3692
     0 | D:1      | 0 ||| qw: Always use a shield: true
     0 | D:1      | 0 ||| qw: God list: Okawaru
     0 | D:1      | 0 ||| qw: Allow faded altars: false
     0 | D:1      | 0 ||| qw: Do Orc after D:15 true
     0 | D:1      | 0 ||| qw: Do second Lair branch before Depths: true
     0 | D:1      | 0 ||| qw: Lair rune preference: random
     0 | D:1      | 0 ||| qw: Plans: Normal
     0 | D:1      | 0 ||| PLANNING D:1-11
   149 | D:1      | Reached skill level 1 in Unarmed Combat
   516 | D:1      | Reached XP level 2. HP: 22/22 MP: 3/3
   694 | D:1      | 694 ||| UPGRADING to +0 leather armour.
   704 | D:1      | 704 ||| DROPPING +0 robe.
   705 | D:1      | 705 ||| DROPPING potion of magic.
   734 | D:2      | 734 ||| STAIRDANCE
   738 | D:1      | Reached skill level 1 in Fighting
   751 | D:2      | 751 ||| STAIRDANCE
   845 | D:2      | Found a faded altar of an unknown god.
   861 | D:2      | 861 ||| Stepping ~*~*~tactically~*~*~ (stealth).
   880 | D:2      | HP: 4/23 [adder (2)]
   884 | D:2      | Reached skill level 2 in Unarmed Combat
  1256 | D:2      | 1256 ||| Stepping ~*~*~tactically~*~*~ (stealth).
  1264 | D:2      | 1264 ||| Stepping ~*~*~tactically~*~*~ (stealth).
  1266 | D:2      | Reached XP level 3. HP: 28/28 MP: 4/4
  1267 | D:2      | 1267 ||| Stepping ~*~*~tactically~*~*~ (stealth).
  1380 | D:2      | HP: 6/28 [adder (2)]
  1382 | D:2      | Reached skill level 3 in Unarmed Combat
  1627 | D:2      | Noticed Terence
  1631 | D:2      | 1631 ||| Stepping ~*~*~tactically~*~*~ (stealth).
  1641 | D:2      | HP: 4/28 [Terence/+0 hand axe (5)]
  1644 | D:2      | Slain by Terence

Levels and vault maps discovered:
D:1:      tarquinn_simple_flora_water_f, layout_basic
D:2:      layout_loops_cross, shapermc_ecumenical_altar_flowoftime, uniq_terence

Skill      XL: |  1  2  3 |
---------------+----------+-----
Unarmed Combat | 1 2 3 |  3.2
Fighting       | 1 |  1.1
Dodging        | |  1.7
Stealth        | |  2.1
Spellcasting   | |  1.7
Conjurations   | |  0.7
Fire Magic     | |  2.4

Action                   || total
-------------------------++-------
Melee: Unarmed           ||   106
       Punch             ||     1
Throw: Boomerang         ||    10
Armor: Robe              ||     3
       Leather armour    ||    17
Dodge: Dodged            ||    49

Table legend:
 A = Non-vault XP
 B = Vault XP
 C = Vault XP percentage of total XP
 D = Non-vault monster count
 E = Vault monster count
 F = Vault count percentage of total count
                 A         B        C        D         E       F
            +---------+---------+-------+---------+---------+-------
      Total |      70 |       0 |   0.0 |      21 |       0 |   0.0
            +---------+---------+-------+---------+---------+-------
        D:1 |      12 |       0 |   0.0 |       8 |       0 |   0.0
        D:2 |      58 |       0 |   0.0 |      13 |       0 |   0.0
            +---------+---------+-------+---------+---------+-------
